 Dungeon Crawl Stone Soup version 0.31-a0-177-g4aa6249778 (webtiles) character file.

Game seed: 15170104140152635742

96707 qw the Severer (level 16, 0/103 HPs)
             Began as a Gargoyle Fighter on June 18, 2023.
             Was an Elder of Okawaru.
             Killed from afar by an orc sorcerer (32 damage)
             ... with a bolt of fire
             ... on level 2 of the Orcish Mines.
             The game lasted 00:13:52 (22159 turns).

qw the Severer (Gargoyle Fighter)                  Turns: 22159, Time: 00:13:52

Health: 0/103      AC: 40    Str: 32    XL:     16   Next: 17%
Magic:  22/23      EV: 10    Int: 11    God:    Okawaru [****..]
Gold:   2310       SH: 13    Dex:  9    Spells: 15/15 levels left

rFire   . . .        Y - +1 broad axe (freeze)
rCold   + . .        e - +0 kite shield "Mueseu" {rElec rCorr}
rNeg    + . .        G - +3 plate armour
rPois   inf          v - +0 helmet
rElec   +            l - +0 cloak
rCorr   +            c - +1 pair of gloves {Stlth+}
SInv    .            B - +0 pair of boots
Will    +....        r - amulet of regeneration Stlth
                     A - +6 ring of strength
HPRegen 0.00/turn    w - ring of protection from cold
MPRegen 0.18/turn

%: no passive effects
@: heroic, flying, inhibited regen
A: sickness immunity, AC +12, big wings, negative energy resistance 1,
electricity resistance, torment resistance 1, petrification resistance, fangs 1,
inhibited regeneration, no potion heal 1
a: Renounce Religion, Heroism, Finesse


You were on level 2 of the Orcish Mines.
You worshipped Okawaru.
Okawaru was greatly pleased with you.
You visited 4 branches of the dungeon, and saw 23 of its levels.
You also visited: Ossuary and Gauntlet.

You collected 2420 gold pieces.
You spent 110 gold pieces at shops.


Innate Abilities, Weirdness & Mutations

You are immune to sickness and miasma.
Your stone body is resilient. (AC +12)
You are immune to poison.
Your large and strong wings let you fly.
You resist negative energy. (rN+)
You are resistant to electric shocks. (rElec)
You are resistant to unholy torment.
You are immune to petrification.
You have very sharp teeth.
You do not regenerate when monsters are visible.
Potions are less effective at restoring your health.


   Skills:
 + Level 12.6(17.6) Fighting
 - Level 17.0(22.0) Axes
 - Level 5.0(10.0) Throwing
 - Level 12.0(17.0) Armour
 - Level 3.0(8.0) Dodging
 - Level 13.0(18.0) Shields
 - Level 10.0 Invocations


You had 15 spell levels left.
You didn't know any spells.
Your spell library was empty.

Inventory:

Hand Weapons
 z - the +3 war axe of the Nexus {flame, Fragile Will+++ Str-2 Dex+3}
   (You found it on level 4 of the Lair of Beasts)

   Str:       It affects your strength (-2).
   Dex:       It affects your dexterity (+3).
   Fragile:   It will be destroyed if unequipped.
   Will:      It greatly increases your willpower.
 H - a +3 war axe of flaming
 Y - a +1 broad axe of freezing (weapon)
Missiles
 x - 8 javelins (quivered)
 y - 7 boomerangs
Armour
 c - a +1 pair of gloves of stealth (worn)
 e - the +0 kite shield "Mueseu" (worn) {rElec rCorr}
   (You acquired it on level 5 of the Lair of Beasts)

   rElec:     It insulates you from electricity.
   rCorr:     It protects you from acid and corrosion.
 l - a +0 cloak (worn)
 n - the +3 hat of Pondering {ponderous, Will+ MP+10 Int+5}
   (You found it in a Gauntlet)

   Int:       It affects your intelligence (+5).
   MP:        It affects your magic capacity (+10).
   Will:      It increases your willpower.
 v - a +0 helmet (worn)
 B - a +0 pair of boots (worn)
 E - a +0 plate armour of fire resistance
 G - a +3 plate armour (worn)
Jewellery
 o - a ring of protection from fire
 r - an amulet of regeneration (around neck)
 s - a ring of protection from fire
 w - a ring of protection from cold (right hand)
 A - a +6 ring of strength (left hand)
Wands
 t - a wand of digging (4)
Scrolls
 a - 6 scrolls of identify
 b - 3 scrolls of teleportation
Potions
 d - 4 potions of might
 f - 4 potions of resistance
 g - 8 potions of curing
 h - 3 potions of heal wounds
 i - 4 potions of lignification
 j - 5 potions of mutation
 k - 2 potions of haste
 m - 5 potions of attraction
 q - a potion of cancellation
 u - 5 potions of magic
 D - a potion of enlightenment

Dungeon Overview and Level Annotations

Branches:
Dungeon (15/15)            Temple (1/1) D:5            Lair (5/5) D:11
 Shoals (0/4) Lair:2       Spider (0/4) Lair:3        Slime (0/5) Lair:5
    Orc (2/2) D:9             Elf (0/3) Orc:2        Vaults (0/5) D:14
 Depths (0/4) D:15        Ossuary (visited)         Gauntlet (visited)

Altars:
Ashenzari
Cheibriados
Dithmenos
Elyvilon
Fedhas
Gozag
Hepliaklqana
Kikubaaqudgha
Makhleb
Nemelex Xobeh
Okawaru
Qazlal
Ru
Sif Muna
Trog
Uskayaw
Vehumet
Wu Jian
Xom
Yredelemnul
Zin
The Shining One
Jiyva
Lugonu

Shops:
D:1 [   D:4 *   D:5 [   Orc:2 *

Portals:
Abyss: Lair:5

Annotations:
D:15 6 transporters


Message History

The orc warrior no longer looks unusually strong.
You hit the smoke demon. You freeze the smoke demon.
Your bite misses the smoke demon.
The smoke demon is lightly wounded.
The smoke demon hits you but does no damage. x2
You block the smoke demon's attack.
You slice the smoke demon!! You freeze the smoke demon.
The smoke demon is almost dead.
You block the smoke demon's attack. x3
You slash the smoke demon! You freeze the smoke demon.
You kill the smoke demon!
The smoke demon disappears in a puff of smoke!
You slice the orc sorcerer!! You freeze the orc sorcerer!
You kill the orc sorcerer!
Okawaru accepts your kill. Okawaru grants you throwing weapons!
Something appears at your feet!
The sun demon disappears in a puff of smoke!
The ynoxinul disappears in a puff of smoke!
The neqoxec barely misses you. You block the orc warrior's attack.
Items here: %%%% ( ))))))) [[[[[.
You slice the orc high priest!! You freeze the orc high priest.
You bite the orc high priest, but do no damage.
The orc high priest is almost dead.
You slash the neqoxec! You freeze the neqoxec.
You kill the neqoxec!
The neqoxec disappears in a puff of smoke!
You slash the orc high priest! You freeze the orc high priest.
You kill the orc high priest!
Okawaru accepts your kill.
The orc warrior throws a boomerang.
You block the boomerang.
You slash something! You freeze something. Okawaru accepts your kill.
Reactivating autopickup.
You feel a bit more experienced. The orc warrior barely misses you.
You hit the orc sorcerer but do no damage.
You block the orc warrior's attack.
The orc sorcerer gestures at you while chanting.
The bolt of fire hits you!!
You die...

...................##.######
...................#...#.#.##
........).........##..#.....#
..................#...#....##
.........................###
........................##
.........################
.........# ###### .........#
##.(@)##### .........#
##..##oo...## .........#
#..##)))....#
.........###.##..)##.#.\#
.........##..##..## .# .#
.........##.##..3 .
.........##.##... #
.........##.##...
.........##.#####..


You could see an orc sorcerer (strong) and an orc warrior.

Vanquished Creatures
  An orc warlord (Orc:1)
  An ironbound preserver (D:14)
  A dire elephant (D:15)
  A minotaur (Gauntlet)
  A fire dragon (D:14)
  An entropy weaver (shapeshifter) (D:14)
  Erolcha (Orc:1)
  5 hydras
  6 centaur warriors
  Harold (Orc:1)
  A death knight (D:15)
  3 boulder beetles
  6 two-headed ogres
  4 orc high priests
  Urug (Lair:4)
  3 thrashing horrors (Lair:5)
  A deep elf knight (Orc:1)
  3 skysharks
  A wretched star (Gauntlet)
  A skeletal warrior (D:15)
  Pikel (D:6)
  6 orc knights
  5 deep elf pyromancers
  11 ugly things
  7 cyclopes
  A salamander (D:15)
  4 orc sorcerers
  4 manticores
  3 black mambas
  A salamander (shapeshifter) (D:15)
  2 merfolk sirens (Lair:2)
  An elephant (shapeshifter) (Lair:5)
  8 elephants (Lair:3)
  A torpor snail (Lair:5)
  4 gargoyles
  2 smoke demons
  4 unseen horrors
  4 rime drakes
  An efreet (D:13)
  13 cane toads
  3 komodo dragons (Lair:4)
  3 freezing wraiths (D:15)
  3 kobold demonologists
  2 unseen horror zombies (D:10)
  A tengu conjurer (D:13)
  2 ancient zymes (Lair:5)
  2 polar bears
  6 trolls
  2 merfolk (Lair:2)
  A hornet (D:10)
  18 blink frogs
  A hornet (shapeshifter) (Lair:5)
  A meliai zombie (D:10)
  3 flying skulls (Gauntlet)
  11 dream sheep
  A jumping spider (shapeshifter) (D:13)
  Sigmund (D:2)
  6 slime creatures
  A vampire (D:12)
  4 wraiths
  2 shadows
  A human (shapeshifter) (Lair:5)
  A spriggan (Lair:5)
  A ynoxinul (Lair:5)
  43 yaks
  Eustachio (D:6)
  5 wyverns
  2 neqoxecs (Gauntlet)
  Edmund (D:6)
  7 basilisks
  6 steam dragons
  3 chaos spawn (Lair:5)
  3 redbacks (Lair:3)
  4 wargs
  A harpy simulacrum (D:13)
  6 vampire mosquitoes
  4 acid dragons
  20 water moccasins
  Duvessa (D:7)
  2 large abominations (Lair:5)
  5 black bears
  19 orc warriors
  6 sky beasts
  8 ice beasts
  12 ogres
  7 wolves
  6 centaurs
  2 phantoms
  5 kobold brigands
  10 small abominations
  10 bullfrogs
  A scorpion (D:6)
  9 wights
  A water moccasin zombie (Ossuary)
  Dowan (D:7)
  10 killer bees
  4 howler monkeys
  An electric eel (D:6)
  2 crimson imps (Gauntlet)
  A bullfrog zombie (Ossuary)
  13 centaur zombies
  2 human zombies (Ossuary)
  6 hounds
  4 jellies
  A sleepcap (D:6)
  19 orc priests
  3 gnoll boudas
  5 iguanas
  27 orc wizards
  Natasha (D:3)
  2 scorpion zombies (Ossuary)
  An ogre zombie (Ossuary)
  12 gnolls
  9 adders
  2 shadow imps
  A white imp (D:7)
  5 adder zombies (Ossuary)
  2 worms
  4 dart slugs
  69 orcs
  8 ball pythons
  3 bats
  5 endoplasms
  A giant cockroach (D:2)
  4 gnoll zombies (Ossuary)
  8 goblins
  4 hobgoblins
  7 jackals
  6 quokkas
  3 frilled lizards
  A goblin zombie (Ossuary)
  18 kobolds
  3 orc zombies (Ossuary)
  7 rats
  2 butterflies (Lair:1)
700 creatures vanquished.

Vanquished Creatures (others)
  A basilisk (Lair:5)
  A killer bee (D:8)
2 creatures vanquished.

Grand Total: 702 creatures vanquished

Notes
Turn   | Place    | Note
-------+----------+-------------------------------------------
     0 | D:1      | qw the Gargoyle Fighter began the quest for the Orb.
     0 | D:1      | Reached XP level 1. HP: 14/14 MP: 1/1
     0 | D:1      | 0 ||| qw: Version: 0.3-a-5-g6f28e65
     0 | D:1      | 0 ||| qw: Game counter: 651
     0 | D:1      | 0 ||| qw: Always use a shield: true
     0 | D:1      | 0 ||| qw: God list: Okawaru
     0 | D:1      | 0 ||| qw: Allow faded altars: false
     0 | D:1      | 0 ||| qw: Do Orc after D:15 true
     0 | D:1      | 0 ||| qw: Do second Lair branch before Depths: true
     0 | D:1      | 0 ||| qw: Lair rune preference: random
     0 | D:1      | 0 ||| qw: Plans: Normal, Zot:1-4, Slime:5, God:TSO, Crypt,
                  | Tomb, Abyss, Pan, Hells, Win
     0 | D:1      | 0 ||| PLANNING D:1-11
    89 | D:1      | Reached skill level 2 in Axes
   110 | D:1      | Reached XP level 2. HP: 19/19 MP: 2/2
   204 | D:1      | 204 ||| DROPPING +0 club.
   221 | D:1      | Found Byitooqu's Armour Emporium.
   224 | D:1      | 224 ||| SHOPLISTING +0 pair of boots (49 gold, have 20).
   224 | D:1      | 224 ||| SHOPLISTING +3 plate armour of cold resistance (495
                  | gold, have 20).
   232 | D:1      | Reached skill level 3 in Axes
   243 | D:1      | Reached XP level 3. HP: 20/23 MP: 3/3
   330 | D:1      | Found a faded altar of an unknown god.
   452 | D:1      | 452 ||| Stepping ~*~*~tactically~*~*~ (hiding).
   635 | D:1      | 635 ||| DROPPING ring of magical power.
   636 | D:1      | 636 ||| READING 5 scrolls labelled NYSKUGEFEL.
   637 | D:1      | 637 ||| READING scroll labelled GEVODOUMEE.
   638 | D:1      | 638 ||| READING scroll labelled XILIRYICEQI.
   639 | D:1      | 639 ||| READING scroll labelled BEANWE EDGHAIPE.
   640 | D:1      | 640 ||| DRINKING 2 purple potions.
   641 | D:1      | 641 ||| READING 4 scrolls of identify.
   641 | D:1      | 641 ||| IDENTIFYING fizzy grey potion
   642 | D:1      | 642 ||| READING 3 scrolls of identify.
   642 | D:1      | 642 ||| IDENTIFYING dark potion
   643 | D:1      | 643 ||| READING 2 scrolls of identify.
   643 | D:1      | 643 ||| IDENTIFYING black potion
   644 | D:1      | 644 ||| DROPPING potion of brilliance.
   655 | D:2      | Found a stormy altar of Qazlal.
   742 | D:2      | 742 ||| Stepping ~*~*~tactically~*~*~ (stealth).
   743 | D:2      | 743 ||| Stepping ~*~*~tactically~*~*~ (stealth).
   749 | D:2      | 749 ||| Stepping ~*~*~tactically~*~*~ (stealth).
   809 | D:2      | 809 ||| DROPPING +0 whip.
   882 | D:2      | Reached XP level 4. HP: 28/28 MP: 4/4
   968 | D:2      | 968 ||| Stepping ~*~*~tactically~*~*~ (stealth).
   983 | D:2      | Reached skill level 4 in Axes
  1202 | D:2      | Noticed Sigmund
  1210 | D:2      | Killed Sigmund
  1211 | D:2      | Reached skill level 5 in Axes
  1211 | D:2      | Reached XP level 5. HP: 29/32 MP: 5/5
  1211 | D:2      | Reached XP level 6. HP: 33/37 MP: 6/6
  1285 | D:2      | 1285 ||| READING scroll labelled XICITAOSTR USIDD.
  1286 | D:2      | 1286 ||| READING 2 scrolls of identify.
  1286 | D:2      | 1286 ||| IDENTIFYING fizzy coppery potion
  1287 | D:2      | 1287 ||| DROPPING potion of degeneration.
  1519 | D:3      | Found a burning altar of Makhleb.
  1519 | D:3      | Noticed a cacodemon
  1523 | D:3      | Noticed a hellwing
  1523 | D:3      | Noticed a neqoxec
  1732 | D:3      | Noticed Natasha
  1736 | D:3      | Killed Natasha
  1898 | D:3      | 1898 ||| SWAPPING to +0 broad axe.
  1899 | D:3      | 1899 ||| DROPPING +0 war axe.
  1918 | D:3      | Reached skill level 1 in Dodging
  1965 | D:3      | 1965 ||| DROPPING +0 mace.
  2063 | D:3      | 2063 ||| UPGRADING to +0 chain mail.
  2073 | D:3      | 2073 ||| DROPPING +0 scale mail.
  2074 | D:3      | 2074 ||| READING scroll labelled UKKAUZX SUOSSACUA.
  2095 | D:4      | Found Beome's General Store.
  2257 | D:4      | 2257 ||| Stepping ~*~*~tactically~*~*~ (stealth).
  2274 | D:4      | Reached skill level 6 in Axes
  2408 | D:4      | Reached XP level 7. HP: 38/43 MP: 7/7
  2744 | D:4      | 2744 ||| Stepping ~*~*~tactically~*~*~ (hiding).
  2800 | D:4      | 2800 ||| BUYING potion of curing (30 gold).
  2800 | D:4      | Bought a potion of curing for 30 gold pieces
  2800 | D:4      | 2800 ||| BUYING potion of curing (30 gold).
  2800 | D:4      | Bought a potion of curing for 30 gold pieces
  2800 | D:4      | 2800 ||| BUYING potion of heal wounds (50 gold).
  2800 | D:4      | Bought a potion of heal wounds for 50 gold pieces
  2926 | D:4      | Identified the +8 hand axe of Indomitability {drain, Str+6
                  | Stlth+}
  2995 | D:4      | 2995 ||| READING scroll labelled GIDUIT OCKIHAU.
  3034 | D:5      | Entered Level 5 of the Dungeon
  3117 | D:5      | Reached skill level 7 in Axes
  3318 | D:5      | Reached XP level 8. HP: 17/49 MP: 8/8
  3550 | D:5      | Found Ikoil's Antique Armour Boutique.
  3590 | D:5      | 3590 ||| SHOPLISTING encrusted scale mail (207 gold, have
                  | 107).
  3590 | D:5      | 3590 ||| SHOPLISTING glowing scarf (184 gold, have 107).
  3590 | D:5      | 3590 ||| SHOPLISTING ichor-stained chain mail (218 gold,
                  | have 107).
  3590 | D:5      | 3590 ||| SHOPLISTING plate armour (529 gold, have 107).
  3590 | D:5      | 3590 ||| SHOPLISTING runed scale mail (161 gold, have 107).
  3642 | D:5      | Reached skill level 8 in Axes
  3799 | D:5      | Found a staircase to the Ecumenical Temple.
  3800 | D:5      | 3800 ||| PLANNING TEMPLE
  3800 | D:5      | 3800 ||| READING scroll labelled KIODUO BIMU XOA.
  3809 | Temple   | Entered the Ecumenical Temple
  3874 | Temple   | 3874 ||| PLANNING OKAWARU WORSHIP
  3969 | Temple   | Became a worshipper of Warmaster Okawaru
  3970 | Temple   | 3970 ||| PLANNING D:1-11
  4124 | D:6      | 4124 ||| PLANNING OSSUARY
  4128 | D:6      | 4128 ||| STAIRDANCE
  4220 | D:6      | Reached skill level 6 in Fighting
  4246 | D:6      | 4246 ||| Stepping ~*~*~tactically~*~*~ (stealth).
  4247 | D:6      | Noticed Pikel
  4256 | D:6      | Killed Pikel
  4257 | D:6      | Reached skill level 9 in Axes
  4257 | D:6      | Reached XP level 9. HP: 50/55 MP: 9/9
  4299 | D:6      | Noticed Eustachio
  4307 | D:6      | Killed Eustachio
  4307 | D:6      | Reached * piety under Okawaru
  4428 | D:6      | 4428 ||| INVOKING Heroism.
  4480 | D:6      | Found a sand-covered staircase.
  4481 | D:6      | 4481 ||| UPGRADING to ring of protection from fire.
  4491 | Ossuary  | Entered an ossuary
  4589 | Ossuary  | Reached skill level 1 in Invocations
  4821 | Ossuary  | Noticed a silent spectre
  4856 | D:6      | 4856 ||| PLANNING D:1-11
  4872 | D:6      | Noticed Edmund
  4873 | D:6      | 4873 ||| INVOKING Heroism.
  4883 | D:6      | Killed Edmund
  4884 | D:6      | Reached skill level 3 in Invocations
  4896 | D:6      | 4896 ||| DROPPING +0 flail.
  4901 | D:6      | 4901 ||| Stepping ~*~*~tactically~*~*~ (stealth).
  4902 | D:6      | 4902 ||| Stepping ~*~*~tactically~*~*~ (stealth).
  5007 | D:6      | 5007 ||| Stepping ~*~*~tactically~*~*~ (hiding).
  5008 | D:6      | 5008 ||| Stepping ~*~*~tactically~*~*~ (hiding).
  5049 | D:6      | 5049 ||| UPGRADING to +0 cloak.
  5054 | D:6      | 5054 ||| INVOKING Heroism.
  5102 | D:6      | 5102 ||| Stepping ~*~*~tactically~*~*~ (stealth).
  5110 | D:6      | 5110 ||| READING scroll labelled EDI WADAVI.
  5111 | D:6      | 5111 ||| READING scroll labelled XITUIS OLIU.
  5112 | D:6      | 5112 ||| READING scroll labelled WYEGOJ POPEPAWKA.
  5113 | D:6      | 5113 ||| DROPPING +5 flail of protection.
  5121 | D:6      | Reached skill level 10 in Axes
  5153 | D:6      | 5153 ||| FLEEEEING.
  5154 | D:6      | 5154 ||| FLEEEEING.
  5155 | D:6      | 5155 ||| FLEEEEING.
  5156 | D:6      | 5156 ||| FLEEEEING.
  5157 | D:6      | 5157 ||| FLEEEEING.
  5158 | D:6      | 5158 ||| FLEEEEING.
  5159 | D:6      | 5159 ||| FLEEEEING.
  5164 | D:6      | 5164 ||| FLEEEEING.
  5165 | D:6      | 5165 ||| FLEEEEING.
  5166 | D:6      | 5166 ||| FLEEEEING.
  5167 | D:6      | 5167 ||| FLEEEEING.
  5170 | D:6      | 5170 ||| INVOKING Heroism.
  5179 | D:6      | 5179 ||| Stepping ~*~*~tactically~*~*~ (stealth).
  5189 | D:6      | Reached XP level 10. HP: 59/63 MP: 13/13
  5287 | D:6      | 5287 ||| INVOKING Heroism.
  5642 | D:6      | 5642 ||| INVOKING Heroism.
  5745 | D:6      | 5745 ||| DRINKING 2 fuming black potions.
  5746 | D:6      | 5746 ||| READING 2 scrolls of identify.
  5746 | D:6      | 5746 ||| IDENTIFYING clear potion
  5747 | D:6      | 5747 ||| DROPPING potion of invisibility.
  5768 | D:7      | 5768 ||| Stepping ~*~*~tactically~*~*~ (hiding).
  5769 | D:7      | 5769 ||| Stepping ~*~*~tactically~*~*~ (hiding).
  5771 | D:7      | 5771 ||| Stepping ~*~*~tactically~*~*~ (hiding).
  5774 | D:7      | 5774 ||| Stepping ~*~*~tactically~*~*~ (hiding).
  5809 | D:7      | 5809 ||| Stepping ~*~*~tactically~*~*~ (stealth).
  5812 | D:7      | 5812 ||| INVOKING Heroism.
  5894 | D:7      | 5894 ||| Stepping ~*~*~tactically~*~*~ (hiding).
  5896 | D:7      | 5896 ||| Stepping ~*~*~tactically~*~*~ (hiding).
  5897 | D:7      | 5897 ||| Stepping ~*~*~tactically~*~*~ (hiding).
  5917 | D:7      | 5917 ||| Stepping ~*~*~tactically~*~*~ (stealth).
  5919 | D:7      | 5919 ||| Stepping ~*~*~tactically~*~*~ (stealth).
  5921 | D:7      | 5921 ||| Stepping ~*~*~tactically~*~*~ (stealth).
  5923 | D:7      | 5923 ||| Stepping ~*~*~tactically~*~*~ (hiding).
  5925 | D:7      | 5925 ||| Stepping ~*~*~tactically~*~*~ (hiding).
  5934 | D:7      | 5934 ||| DRINKING 3 potions of curing.
  5934 | D:7      | 5934 ||| (to cure confusion)
  6023 | D:7      | Noticed Dowan
  6023 | D:7      | Noticed Duvessa
  6024 | D:7      | 6024 ||| Stepping ~*~*~tactically~*~*~ (hiding).
  6031 | D:7      | 6031 ||| INVOKING Heroism.
  6037 | D:7      | Killed Dowan
  6039 | D:7      | Killed Duvessa
  6110 | D:7      | 6110 ||| INVOKING Heroism.
  6212 | D:7      | 6212 ||| INVOKING Heroism.
  6383 | D:7      | Found a snail-covered altar of Cheibriados.
  6394 | D:7      | Found a hazy altar of Hepliaklqana.
  6419 | D:7      | 6419 ||| INVOKING Heroism.
  6465 | D:7      | Noticed a two-headed ogre
  6466 | D:7      | 6466 ||| Stepping ~*~*~tactically~*~*~ (stealth).
  6468 | D:7      | 6468 ||| INVOKING Heroism.
  6474 | D:7      | Killed a two-headed ogre
  6475 | D:7      | Reached skill level 11 in Axes
  6942 | D:7      | 6942 ||| UPGRADING to +0 pair of gloves.
  7269 | D:8      | 7269 ||| INVOKING Heroism.
  7325 | D:8      | 7325 ||| INVOKING Heroism.
  7332 | D:8      | 7332 ||| Stepping ~*~*~tactically~*~*~ (hiding).
  7341 | D:8      | Reached skill level 3 in Throwing
  7382 | D:8      | 7382 ||| INVOKING Heroism.
  7386 | D:8      | 7386 ||| Stepping ~*~*~tactically~*~*~ (stealth).
  7388 | D:8      | 7388 ||| Stepping ~*~*~tactically~*~*~ (stealth).
  7486 | D:8      | 7486 ||| Stepping randomly (disturbance).
  7511 | D:8      | 7511 ||| INVOKING Heroism.
  7516 | D:8      | Reached skill level 6 in Armour
  7532 | D:8      | HP: 13/64 [something (6)]
  7536 | D:8      | Killed an unseen horror
  7536 | D:8      | Reached ** piety under Okawaru
  7625 | D:8      | Noticed a gargoyle
  7626 | D:8      | 7626 ||| Stepping ~*~*~tactically~*~*~ (stealth).
  7709 | D:8      | 7709 ||| Stepping ~*~*~tactically~*~*~ (hiding).
  7714 | D:8      | 7714 ||| INVOKING Heroism.
  7719 | D:8      | Reached XP level 11. HP: 65/68 MP: 11/14
  7751 | D:8      | 7751 ||| Stepping ~*~*~tactically~*~*~ (hiding).
  7775 | D:8      | 7775 ||| INVOKING Heroism.
  7782 | D:8      | Reached skill level 9 in Fighting
  7867 | D:8      | 7867 ||| FLEEEEING.
  7873 | D:8      | 7873 ||| FLEEEEING.
  7915 | D:8      | 7915 ||| Stepping ~*~*~tactically~*~*~ (stealth).
  7916 | D:8      | 7916 ||| Stepping ~*~*~tactically~*~*~ (stealth).
  7978 | D:8      | 7978 ||| INVOKING Heroism.
  8386 | D:8      | 8386 ||| READING 2 scrolls of identify.
  8386 | D:8      | 8386 ||| IDENTIFYING golden potion
  8387 | D:8      | 8387 ||| DROPPING potion of ambrosia.
  8544 | D:9      | 8544 ||| Stepping ~*~*~tactically~*~*~ (stealth).
  8547 | D:9      | 8547 ||| Stepping ~*~*~tactically~*~*~ (hiding).
  8709 | D:9      | Found a shimmering altar of Xom.
  8722 | D:9      | 8722 ||| Stepping ~*~*~tactically~*~*~ (hiding).
  8726 | D:9      | 8726 ||| INVOKING Heroism.
  9079 | D:9      | 9079 ||| INVOKING Heroism.
  9204 | D:9      | Found a staircase to the Orcish Mines.
  9232 | D:9      | Reached skill level 12 in Axes
  9234 | D:9      | 9234 ||| INVOKING Heroism.
  9443 | D:9      | 9443 ||| UPGRADING to +0 plate armour.
  9453 | D:9      | 9453 ||| DROPPING +0 chain mail.
  9454 | D:9      | 9454 ||| UPGRADING to amulet of regeneration.
  9480 | D:10     | Entered Level 10 of the Dungeon
  9545 | D:10     | Reached *** piety under Okawaru
  9547 | D:10     | Found a basalt altar of Yredelemnul.
  9563 | D:10     | Reached skill level 6 in Shields
  9586 | D:10     | Noticed a cyclops
  9586 | D:10     | Noticed a two-headed ogre
  9587 | D:10     | 9587 ||| Stepping ~*~*~tactically~*~*~ (hiding).
  9588 | D:10     | 9588 ||| INVOKING Heroism.
  9594 | D:10     | Killed a two-headed ogre
  9595 | D:10     | Reached skill level 9 in Armour
  9595 | D:10     | 9595 ||| Stepping ~*~*~tactically~*~*~ (hiding).
  9602 | D:10     | 9602 ||| INVOKING Heroism.
  9604 | D:10     | Killed a cyclops
  9605 | D:10     | Reached XP level 12. HP: 59/76 MP: 12/15
  9783 | D:10     | 9783 ||| FLEEEEING.
  9784 | D:10     | 9784 ||| FLEEEEING.
  9785 | D:10     | 9785 ||| FLEEEEING.
  9786 | D:10     | 9786 ||| FLEEEEING.
  9787 | D:10     | 9787 ||| FLEEEEING.
  9788 | D:10     | 9788 ||| FLEEEEING.
  9789 | D:10     | 9789 ||| FLEEEEING.
  9790 | D:10     | 9790 ||| FLEEEEING.
  9791 | D:10     | 9791 ||| FLEEEEING.
  9792 | D:10     | 9792 ||| FLEEEEING.
  9793 | D:10     | 9793 ||| FLEEEEING.
  9801 | D:10     | 9801 ||| STAIRDANCE
  9910 | D:10     | 9910 ||| FLEEEEING.
  9958 | D:10     | Identified the +2 falchion of Makhleb's Scorn {antimagic,
                  | rF+ Dex+3 SInv}
 10004 | D:10     | Noticed a two-headed ogre
 10011 | D:10     | Killed a two-headed ogre
 10011 | D:10     | Reached **** piety under Okawaru
 10267 | D:10     | 10267 ||| UPGRADING to ring of protection from fire.
 10268 | D:10     | 10268 ||| READING scroll labelled JOH DUS CEQUYF.
 10300 | D:11     | 10300 ||| INVOKING Heroism.
 10379 | D:11     | 10379 ||| INVOKING Heroism.
 10382 | D:11     | HP: 16/78 [acid dragon/splash of acid (11)]
 10383 | D:11     | 10383 ||| READING 3 scrolls of teleportation.
 10384 | D:11     | 10384 ||| DRINKING 9 potions of heal wounds.
 10385 | D:11     | 10385 ||| DRINKING 8 potions of heal wounds.
 10385 | D:11     | HP: 6/78 [acid dragon (5)]
 10386 | D:11     | 10386 ||| DRINKING 7 potions of heal wounds.
 10390 | D:11     | HP: 19/78 [troll (10)]
 10391 | D:11     | 10391 ||| READING 2 scrolls of teleportation.
 10392 | D:11     | 10392 ||| DRINKING 6 potions of heal wounds.
 10455 | D:11     | 10455 ||| Stepping ~*~*~tactically~*~*~ (stealth).
 10457 | D:11     | 10457 ||| Stepping ~*~*~tactically~*~*~ (hiding).
 10459 | D:11     | 10459 ||| Stepping ~*~*~tactically~*~*~ (hiding).
 10505 | D:11     | 10505 ||| INVOKING Heroism.
 10770 | D:11     | 10770 ||| Stepping ~*~*~tactically~*~*~ (hiding).
 10770 | D:11     | Found a staircase to the Lair.
 10771 | D:11     | 10771 ||| Stepping ~*~*~tactically~*~*~ (hiding).
 10830 | D:11     | 10830 ||| Stepping ~*~*~tactically~*~*~ (stealth).
 11017 | D:11     | 11017 ||| Stepping ~*~*~tactically~*~*~ (hiding).
 11200 | D:11     | Noticed a two-headed ogre
 11208 | D:11     | Killed a two-headed ogre
 11209 | D:11     | Reached skill level 13 in Axes
 11221 | D:11     | 11221 ||| Stepping ~*~*~tactically~*~*~ (stealth).
 11222 | D:11     | 11222 ||| Stepping ~*~*~tactically~*~*~ (stealth).
 11223 | D:11     | 11223 ||| Stepping ~*~*~tactically~*~*~ (stealth).
 11224 | D:11     | 11224 ||| Stepping ~*~*~tactically~*~*~ (stealth).
 11262 | D:11     | 11262 ||| Stepping ~*~*~tactically~*~*~ (hiding).
 11268 | D:11     | 11268 ||| INVOKING Heroism.
 11276 | D:11     | Reached skill level 6 in Invocations
 11306 | D:11     | 11306 ||| DROPPING +1 war axe of venom.
 11371 | D:11     | 11371 ||| Stepping ~*~*~tactically~*~*~ (stealth).
 11386 | D:11     | 11386 ||| FLEEEEING.
 11387 | D:11     | 11387 ||| FLEEEEING.
 11388 | D:11     | 11388 ||| FLEEEEING.
 11389 | D:11     | 11389 ||| FLEEEEING.
 11390 | D:11     | 11390 ||| FLEEEEING.
 11391 | D:11     | 11391 ||| FLEEEEING.
 11392 | D:11     | 11392 ||| FLEEEEING.
 11393 | D:11     | 11393 ||| FLEEEEING.
 11394 | D:11     | 11394 ||| FLEEEEING.
 11562 | D:11     | 11562 ||| PLANNING LAIR
 11605 | Lair:1   | Entered Level 1 of the Lair of Beasts
 11638 | Lair:1   | 11638 ||| INVOKING Heroism.
 11771 | Lair:1   | 11771 ||| Stepping ~*~*~tactically~*~*~ (stealth).
 11819 | Lair:1   | Noticed a four-headed hydra
 11820 | Lair:1   | 11820 ||| INVOKING Heroism.
 11820 | Lair:1   | Noticed a six-headed hydra
 11828 | Lair:1   | Killed a one-headed hydra
 11839 | Lair:1   | Killed a one-headed hydra
 11839 | Lair:1   | Reached ***** piety under Okawaru
 11904 | Lair:1   | Reached XP level 13. HP: 83/83 MP: 18/18
 11939 | Lair:1   | 11939 ||| INVOKING Heroism.
 12130 | Lair:1   | 12130 ||| INVOKING Heroism.
 12169 | Lair:1   | 12169 ||| Stepping ~*~*~tactically~*~*~ (stealth).
 12170 | Lair:1   | 12170 ||| Stepping ~*~*~tactically~*~*~ (stealth).
 12183 | Lair:1   | 12183 ||| INVOKING Heroism.
 12188 | Lair:1   | HP: 17/83 [cane toad (5)]
 12189 | Lair:1   | 12189 ||| READING 2 scrolls of teleportation.
 12190 | Lair:1   | 12190 ||| DRINKING 5 potions of heal wounds.
 12435 | Lair:2   | 12435 ||| INVOKING Heroism.
 12512 | Lair:2   | 12512 ||| Stepping ~*~*~tactically~*~*~ (stealth).
 12513 | Lair:2   | 12513 ||| Stepping ~*~*~tactically~*~*~ (stealth).
 12514 | Lair:2   | 12514 ||| Stepping ~*~*~tactically~*~*~ (stealth).
 12526 | Lair:2   | 12526 ||| INVOKING Heroism.
 12644 | Lair:2   | 12644 ||| Stepping ~*~*~tactically~*~*~ (hiding).
 12692 | Lair:2   | 12692 ||| INVOKING Heroism.
 12712 | Lair:2   | 12712 ||| INVOKING Heroism.
 12803 | Lair:2   | 12803 ||| Stepping ~*~*~tactically~*~*~ (stealth).
 12821 | Lair:2   | Found a staircase to the Shoals.
 12826 | Lair:2   | Reached skill level 9 in Invocations
 13348 | Lair:2   | 13348 ||| UPGRADING to +0 helmet.
 13353 | Lair:2   | 13353 ||| READING scroll labelled AMESKUNG ZALUO.
 13429 | Lair:3   | 13429 ||| STAIRDANCE
 13443 | Lair:3   | Received a gift from Okawaru
 13465 | Lair:3   | You fall into a shaft and drop 2 floors!
 13465 | Lair:5   | Entered Level 5 of the Lair of Beasts
 13468 | Lair:5   | 13468 ||| INVOKING Heroism.
 13542 | Lair:5   | 13542 ||| READING scroll labelled QIUKOQ ZO GAO.
 13643 | Lair:5   | Found a viscous altar of Jiyva.
 13644 | Lair:5   | Found a staircase to the Slime Pits.
 13655 | Lair:4   | Reached skill level 14 in Axes
 13657 | Lair:4   | Noticed Urug
 13658 | Lair:4   | 13658 ||| Stepping ~*~*~tactically~*~*~ (stealth).
 13661 | Lair:4   | 13661 ||| INVOKING Heroism.
 13677 | Lair:4   | Killed Urug
 13743 | Lair:3   | 13743 ||| Stepping ~*~*~tactically~*~*~ (stealth).
 13745 | Lair:3   | 13745 ||| Stepping ~*~*~tactically~*~*~ (hiding).
 13863 | Lair:3   | 13863 ||| INVOKING Heroism.
 13972 | Lair:3   | Found a hole to the Spider Nest.
 13987 | Lair:3   | 13987 ||| Stepping ~*~*~tactically~*~*~ (stealth).
 14011 | Lair:3   | Received a gift from Okawaru
 14266 | Lair:3   | 14266 ||| INVOKING Heroism.
 14267 | Lair:3   | 14267 ||| INVOKING Finesse.
 14276 | Lair:3   | Gained mutation: Your large and strong wings let you fly.
                  | [Gargoyle growth]
 14276 | Lair:3   | Reached XP level 14. HP: 90/90 MP: 13/21
 14452 | Lair:3   | 14452 ||| UPGRADING to ring of protection from cold.
 14454 | Lair:3   | 14454 ||| READING 2 scrolls of identify.
 14454 | Lair:3   | 14454 ||| IDENTIFYING bubbling dark potion
 14623 | Lair:4   | 14623 ||| DROPPING +2 war axe of flaming.
 14686 | Lair:4   | Reached skill level 15 in Axes
 14797 | Lair:4   | 14797 ||| Stepping ~*~*~tactically~*~*~ (stealth).
 14991 | Lair:4   | 14991 ||| Stepping ~*~*~tactically~*~*~ (hiding).
 14993 | Lair:4   | 14993 ||| Stepping ~*~*~tactically~*~*~ (hiding).
 14996 | Lair:4   | 14996 ||| Stepping ~*~*~tactically~*~*~ (hiding).
 14997 | Lair:4   | 14997 ||| Stepping ~*~*~tactically~*~*~ (hiding).
 15123 | Lair:4   | Identified the +3 war axe of the Nexus {flame, Fragile
                  | Will+++ Str-2 Dex+3}
 15439 | Lair:4   | 15439 ||| READING 3 scrolls of identify.
 15439 | Lair:4   | 15439 ||| IDENTIFYING murky golden potion
 15440 | Lair:4   | 15440 ||| READING 2 scrolls of identify.
 15440 | Lair:4   | 15440 ||| IDENTIFYING metallic amethyst potion
 15464 | Lair:5   | 15464 ||| STAIRDANCE
 15466 | Lair:4   | 15466 ||| INVOKING Heroism.
 15650 | Lair:5   | 15650 ||| Stepping ~*~*~tactically~*~*~ (stealth).
 15651 | Lair:5   | 15651 ||| Stepping ~*~*~tactically~*~*~ (stealth).
 15653 | Lair:5   | 15653 ||| Stepping ~*~*~tactically~*~*~ (stealth).
 15668 | Lair:5   | 15668 ||| Stepping ~*~*~tactically~*~*~ (stealth).
 15669 | Lair:5   | 15669 ||| Stepping ~*~*~tactically~*~*~ (stealth).
 15709 | Lair:5   | 15709 ||| Stepping ~*~*~tactically~*~*~ (hiding).
 15767 | Lair:5   | 15767 ||| Stepping ~*~*~tactically~*~*~ (stealth).
 15844 | Lair:5   | 15844 ||| INVOKING Heroism.
 15973 | Lair:5   | Reached skill level 12 in Fighting
 15991 | Lair:5   | 15991 ||| Stepping ~*~*~tactically~*~*~ (stealth).
 16015 | Lair:5   | 16015 ||| Stepping ~*~*~tactically~*~*~ (stealth).
 16017 | Lair:5   | 16017 ||| Stepping ~*~*~tactically~*~*~ (stealth).
 16021 | Lair:5   | 16021 ||| Stepping ~*~*~tactically~*~*~ (stealth).
 16050 | Lair:5   | 16050 ||| Stepping ~*~*~tactically~*~*~ (stealth).
 16066 | Lair:5   | 16066 ||| INVOKING Heroism.
 16107 | Lair:5   | Found a corrupted altar of Lugonu.
 16111 | Lair:5   | Found a one-way gate to the infinite horrors of the Abyss.
 16295 | Lair:5   | Received a gift from Okawaru
 16329 | Lair:5   | 16329 ||| INVOKING Heroism.
 16392 | Lair:5   | 16392 ||| INVOKING Heroism.
 16401 | Lair:5   | Received a gift from Okawaru
 16594 | Lair:5   | 16594 ||| INVOKING Heroism.
 16783 | Lair:5   | 16783 ||| PLANNING D
 16783 | Lair:5   | 16783 ||| UPGRADING to +6 ring of strength.
 16785 | Lair:5   | 16785 ||| READING scroll labelled XAWICV KEAR.
 16785 | Lair:5   | Identified a scroll of acquirement
 16785 | Lair:5   | 16785 ||| ACQUIRING +0 kite shield "Mueseu" {rElec rCorr}
 16785 | Lair:5   | Acquired the +0 kite shield "Mueseu" {rElec rCorr}
 16787 | Lair:5   | 16787 ||| UPGRADING to +0 kite shield "Mueseu" {rElec
                  | rCorr}.
 16797 | Lair:5   | 16797 ||| DROPPING +0 buckler.
 16944 | D:12     | Found a gate leading to a gauntlet.
 16945 | D:12     | 16945 ||| PLANNING GAUNTLET
 16948 | Gauntlet | Entered a Gauntlet
 16948 | Gauntlet | Found a transporter.
 16948 | Gauntlet | Found a transporter.
 16948 | Gauntlet | Found a transporter.
 16968 | Gauntlet | Found a transporter.
 16971 | Gauntlet | Found a transporter.
 16980 | Gauntlet | Found a transporter.
 16982 | Gauntlet | Found a transporter.
 16992 | Gauntlet | Found a transporter.
 17010 | Gauntlet | Found a transporter.
 17030 | Gauntlet | Found a transporter.
 17031 | Gauntlet | Found a transporter.
 17042 | Gauntlet | Found a transporter.
 17196 | Gauntlet | 17196 ||| Stepping ~*~*~tactically~*~*~ (cloud).
 17208 | Gauntlet | 17208 ||| UPGRADING to +1 pair of gloves of stealth.
 17218 | Gauntlet | 17218 ||| DROPPING +0 pair of gloves.
 17271 | Gauntlet | Gained mutation: You have large cloven feet. [a neqoxec]
 17274 | Gauntlet | Gained mutation: You sometimes lose your temper in combat.
                  | [a neqoxec]
 17278 | Gauntlet | 17278 ||| DRINKING 5 potions of mutation.
 17278 | Gauntlet | Lost mutation: You sometimes lose your temper in combat.
                  | [potion of mutation]
 17278 | Gauntlet | Lost mutation: You have large cloven feet. [potion of
                  | mutation]
 17278 | Gauntlet | Gained mutation: Your mind is acute. (Int +4, Str/Dex -1)
                  | [potion of mutation]
 17278 | Gauntlet | Lost mutation: Your mind is acute. (Int +4, Str/Dex -1)
                  | [potion of mutation]
 17278 | Gauntlet | Gained mutation: You have very sharp teeth. [potion of
                  | mutation]
 17295 | Gauntlet | 17295 ||| DROPPING amulet of magic regeneration.
 17296 | Gauntlet | 17296 ||| DROPPING ring of fire.
 17335 | Gauntlet | Found the +3 hat of Pondering {ponderous, Will+ MP+10
                  | Int+5}
 17336 | Gauntlet | 17336 ||| INVOKING Heroism.
 17337 | Gauntlet | 17337 ||| INVOKING Finesse.
 17439 | D:12     | 17439 ||| PLANNING D
 17506 | D:12     | 17506 ||| INVOKING Heroism.
 17514 | D:12     | Received a gift from Okawaru
 17775 | D:12     | Reached skill level 9 in Shields
 17809 | D:12     | 17809 ||| Stepping ~*~*~tactically~*~*~ (hiding).
 17811 | D:12     | 17811 ||| Stepping ~*~*~tactically~*~*~ (hiding).
 17856 | D:12     | Reached XP level 15. HP: 96/96 MP: 22/22
 18166 | D:12     | 18166 ||| Stepping ~*~*~tactically~*~*~ (hiding).
 18338 | D:12     | 18338 ||| UPGRADING to +0 pair of boots.
 18343 | D:12     | 18343 ||| READING 2 scrolls of identify.
 18343 | D:12     | 18343 ||| IDENTIFYING fizzy yellow potion
 18391 | D:13     | 18391 ||| Stepping ~*~*~tactically~*~*~ (stealth).
 18400 | D:13     | 18400 ||| INVOKING Heroism.
 18476 | D:13     | 18476 ||| Stepping ~*~*~tactically~*~*~ (stealth).
 18495 | D:13     | 18495 ||| Stepping ~*~*~tactically~*~*~ (hiding).
 18650 | D:13     | 18650 ||| Stepping ~*~*~tactically~*~*~ (hiding).
 18851 | D:13     | 18851 ||| Stepping ~*~*~tactically~*~*~ (hiding).
 18855 | D:13     | 18855 ||| Stepping ~*~*~tactically~*~*~ (hiding).
 18984 | D:13     | 18984 ||| READING scroll labelled XYFOUV USOS.
 19065 | D:14     | 19065 ||| Stepping ~*~*~tactically~*~*~ (hiding).
 19231 | D:14     | 19231 ||| INVOKING Heroism.
 19390 | D:14     | 19390 ||| Stepping ~*~*~tactically~*~*~ (hiding).
 19391 | D:14     | 19391 ||| Stepping ~*~*~tactically~*~*~ (hiding).
 19434 | D:14     | Found a gate to the Vaults.
 19440 | D:14     | Identified the +2 scale mail of Broken Taboos {rF+}
                  | (Okawaru gifted it to you on level 14 of the Dungeon)
 19440 | D:14     | Received a gift from Okawaru
 19470 | D:14     | 19470 ||| INVOKING Heroism.
 19528 | D:14     | Reached skill level 12 in Shields
 19567 | D:14     | 19567 ||| Stepping ~*~*~tactically~*~*~ (stealth).
 19569 | D:14     | 19569 ||| Stepping ~*~*~tactically~*~*~ (hiding).
 19575 | D:14     | Reached skill level 3 in Dodging
 19851 | D:15     | Entered Level 15 of the Dungeon
 19859 | D:15     | 19859 ||| READING scroll of brand weapon.
 19859 | D:15     | 19859 ||| BRANDING +1 broad axe of flaming.
 19883 | D:15     | 19883 ||| Stepping ~*~*~tactically~*~*~ (hiding).
 19892 | D:15     | 19892 ||| Stepping ~*~*~tactically~*~*~ (hiding).
 19899 | D:15     | 19899 ||| Stepping ~*~*~tactically~*~*~ (hiding).
 19902 | D:15     | Found a transporter.
 19905 | D:15     | Found a transporter.
 19915 | D:15     | 19915 ||| Stepping ~*~*~tactically~*~*~ (hiding).
 19969 | D:15     | 19969 ||| INVOKING Heroism.
 19983 | D:15     | Reached skill level 16 in Axes
 19994 | D:15     | HP: 17/96 [death knight/+0 battleaxe (12)]
 19995 | D:15     | 19995 ||| READING 5 scrolls of teleportation.
 19996 | D:15     | 19996 ||| DRINKING 5 potions of heal wounds.
 20023 | D:15     | 20023 ||| INVOKING Heroism.
 20089 | D:15     | Found a transporter.
 20090 | D:15     | Found a transporter.
 20133 | D:15     | 20133 ||| INVOKING Heroism.
 20134 | D:15     | 20134 ||| INVOKING Finesse.
 20250 | D:15     | 20250 ||| INVOKING Heroism.
 20308 | D:15     | Found a shadowy altar of Dithmenos.
 20314 | D:15     | Reached skill level 12 in Armour
 20426 | D:15     | Found a staircase to the Depths.
 20499 | D:15     | 20499 ||| INVOKING Heroism.
 20529 | D:15     | 20529 ||| Stepping ~*~*~tactically~*~*~ (stealth).
 20737 | D:15     | Found a transporter.
 20738 | D:15     | Found a transporter.
 20885 | D:15     | 20885 ||| PLANNING ORC
 20885 | D:15     | 20885 ||| READING scroll labelled GENACRE QALA.
 21012 | Orc:1    | Entered Level 1 of the Orcish Mines
 21084 | Orc:1    | 21084 ||| Stepping ~*~*~tactically~*~*~ (hiding).
 21088 | Orc:1    | Identified the +11 scimitar of Dismay {heavy, Drain rElec
                  | rCorr Dex-2}
 21093 | Orc:1    | 21093 ||| Stepping ~*~*~tactically~*~*~ (stealth).
 21094 | Orc:1    | 21094 ||| INVOKING Heroism.
 21099 | Orc:1    | 21099 ||| Stepping ~*~*~tactically~*~*~ (stealth).
 21102 | Orc:1    | 21102 ||| Stepping ~*~*~tactically~*~*~ (stealth).
 21126 | Orc:1    | 21126 ||| Stepping ~*~*~tactically~*~*~ (hiding).
 21145 | Orc:1    | 21145 ||| Stepping ~*~*~tactically~*~*~ (hiding).
 21146 | Orc:1    | 21146 ||| Stepping ~*~*~tactically~*~*~ (hiding).
 21178 | Orc:1    | 21178 ||| DROPPING +0 whip.
 21183 | Orc:1    | 21183 ||| Stepping ~*~*~tactically~*~*~ (stealth).
 21185 | Orc:1    | 21185 ||| Stepping ~*~*~tactically~*~*~ (hiding).
 21194 | Orc:1    | 21194 ||| Stepping ~*~*~tactically~*~*~ (stealth).
 21203 | Orc:1    | 21203 ||| INVOKING Heroism.
 21205 | Orc:1    | 21205 ||| Stepping ~*~*~tactically~*~*~ (hiding).
 21208 | Orc:1    | 21208 ||| Stepping ~*~*~tactically~*~*~ (hiding).
 21313 | Orc:1    | Noticed Harold
 21319 | Orc:1    | Killed Harold
 21339 | Orc:1    | 21339 ||| DROPPING +0 mace.
 21389 | Orc:1    | Noticed an orc warlord
 21390 | Orc:1    | 21390 ||| INVOKING Heroism.
 21399 | Orc:1    | Killed an orc warlord
 21421 | Orc:1    | Noticed Erolcha
 21429 | Orc:1    | Killed Erolcha
 21629 | Orc:1    | 21629 ||| DROPPING +2 scale mail of Broken Taboos {rF+}.
 21630 | Orc:1    | 21630 ||| UPGRADING to +0 plate armour of fire resistance.
 21640 | Orc:1    | 21640 ||| DROPPING +0 plate armour.
 21641 | Orc:1    | 21641 ||| UPGRADING to +3 plate armour.
 21659 | Orc:2    | Entered Level 2 of the Orcish Mines
 21660 | Orc:2    | 21660 ||| INVOKING Heroism.
 21679 | Orc:2    | Reached XP level 16. HP: 85/101 MP: 23/23
 21734 | Orc:2    | Found a staircase to the Elven Halls.
 22053 | Orc:2    | 22053 ||| Stepping ~*~*~tactically~*~*~ (hiding).
 22062 | Orc:2    | 22062 ||| INVOKING Heroism.
 22068 | Orc:2    | 22068 ||| Stepping ~*~*~tactically~*~*~ (hiding).
 22101 | Orc:2    | Found Pokan's Assorted Antiques.
 22118 | Orc:2    | 22118 ||| INVOKING Heroism.
 22122 | Orc:2    | Reached skill level 17 in Axes
 22123 | Orc:2    | 22123 ||| Stepping randomly (disturbance).
 22140 | Orc:2    | HP: 15/102 [orc knight/+0 battleaxe (22)]
 22141 | Orc:2    | 22141 ||| READING 4 scrolls of teleportation.
 22142 | Orc:2    | 22142 ||| DRINKING 4 potions of heal wounds.
 22142 | Orc:2    | Gained mutation: Potions are less effective at restoring
                  | your health. [a neqoxec]
 22143 | Orc:2    | Gained mutation: You do not regenerate when monsters are
                  | visible. [a neqoxec]
 22145 | Orc:2    | 22145 ||| Stepping ~*~*~tactically~*~*~ (hiding).
 22147 | Orc:2    | 22147 ||| INVOKING Heroism.
 22154 | Orc:2    | Received a gift from Okawaru
 22159 | Orc:2    | Killed from afar by an orc sorcerer

Levels and vault maps discovered:
D:1:      minmay_arrival_plants_in_alcoves, layout_basic,
          shapermc_ecumenical_altar_hornbeckon, serial_shops,
          nicolae_shop_behind_doors
D:2:      minmay_angry_zag, layout_rooms, basic_altar, hex_medium, uniq_sigmund
D:3:      layout_basic, makhleb_altar_promises_db, nrook_uturn,
          minmay_misc_feat_doors, minmay_misc_feat_pillars, uniq_natasha
D:4:      layout_loops_corners, serial_shops, shop
D:5:      layout_basic, minmay_temple_entry_offerings, serial_shops, shop,
          grunt_ministairs_13
D:6:      layout_loops_corners, lightli_ossuary_entry_decrepit_ruins,
          nrook_mini_vaults, kennysheep_potato, uniq_edmund, uniq_pikel,
          uniq_eustachio
D:7:      layout_gridville, amethyst_overflow_temple_binary, uniq_duvessa
D:8:      minmay_ornate_pinched, layout_basic, amethyst_killhole
D:9:      layout_roguey, mainiacjoe_overflow_alcove_1
D:10:     layout_basic, nicolae_yredelemnul_corpse_copse
D:11:     layout_gridville, hellmonk_lair_entry_icy, minmay_increasing_density
D:12:     layout_basic, gauntlet_entry_generic
D:13:     layout_rooms, serial_rivers, chequers_serial_rivers_large_a,
          chequers_serial_rivers_micro_a, chequers_serial_rivers_micro_e,
          chequers_serial_rivers_micro_a, chequers_serial_rivers_room_a,
          hangedman_abyss_or_decor_slice
D:14:     layout_rooms, skrybe_vaults_entry_preservation, minmay_hedge_maze
D:15:     hangedman_depths_entry_try_elsewhere_first, layout_long_grid,
          nicolae_dithmenos_through_a_glass_darkly, serial_nicolae_subway,
          nicolae_sub_station_stone, nicolae_sub_station_crystal,
          nicolae_sub_station_metal
Temple:   nicolae_temple_bog_church
Lair:1:   layout_roguey, serial_bayou_shore_b, lemuel_fruit_fields,
          lemuel_fruit_fields
Lair:2:   layout_cave_pods, elwin_shoals_entry_stream
Lair:3:   layout_hall_layers, spider_nest_entry_webs
Lair:4:   layout_regular_city, grunt_megastairs_5, serial_bayou_shore_b,
          uniq_urug
Lair:5:   hellmonk_lair_end_abyssal_woods, layout_concentric_octagons,
          slime_entry_1
Orc:1:    layout_diamond_mine, elf_legates, uniq_harold, uniq_erolcha
Orc:2:    st_orc_elflike, layout_diamond_mine, serial_shops, shop

Skill      XL: |  1  2  3  4  5  6  7  8  9 10 11 12 13 14 15 16 |
---------------+-------------------------------------------------+-----
Axes           | 2 3 5 6 7 9 10 11 12 13 14 15 16 17 | 17.0
Fighting       | 4 5 6 7 8 9 10 11 12 | 12.6
Dodging        | 1 2 3 |  3.0
Throwing       | 2 3 4 5 |  5.0
Shields        | 4 5 6 7 9 13 | 13.0
Invocations    | 4 7 10 | 10.0
Armour         | 4 6 9 10 11 12 | 12.0

Action                     |  1- 3 |  4- 6 |  7- 9 | 10-12 | 13-15 | 16-18 || total
---------------------------+-------+-------+-------+-------+-------+-------++-------
  Melee: War axe           |   112 |    98 |       |       |       |       ||   210
         Broad axe         |       |    60 |   338 |   739 |  1068 |   113 ||  2318
         Bite              |       |       |       |       |    53 |    16 ||    69
         Kick              |       |       |       |       |     1 |       ||     1
  Throw: Boomerang         |       |    21 |    71 |    29 |    64 |       ||   185
         Javelin           |       |       |       |    60 |   168 |    16 ||   244
 Invoke: Heroism           |       |       |     4 |    26 |    31 |     3 ||    64
         Finesse           |       |       |       |       |     3 |       ||     3
    Use: Scroll            |     7 |     3 |     5 |     5 |    12 |     1 ||    33
         Potion            |     1 |       |       |     6 |     3 |     1 ||    11
 Armour: Scale mail        |    62 |    61 |       |       |       |       ||   123
         Chain mail        |       |    39 |   223 |   253 |       |       ||   515
         Plate armour      |       |       |       |   383 |   698 |    55 ||  1136
  Dodge: Dodged            |    47 |    47 |   148 |   277 |   335 |    32 ||   886
  Block: Buckler           |    19 |    32 |    67 |   150 |   127 |       ||   395
         Kite shield       |       |       |       |       |   226 |    65 ||   291

Table legend:
 A = Non-vault XP
 B = Vault XP
 C = Vault XP percentage of total XP
 D = Non-vault monster count
 E = Vault monster count
 F = Vault count percentage of total count
                 A         B        C        D         E       F
            +---------+---------+-------+---------+---------+-------
      Total |   82771 |   55383 |  40.1 |     496 |     203 |  29.0
            +---------+---------+-------+---------+---------+-------
        D:1 |      49 |       0 |   0.0 |      27 |       0 |   0.0
        D:2 |      47 |     254 |  84.4 |      15 |       8 |  34.8
        D:3 |     113 |      33 |  22.6 |      24 |       1 |   4.0
        D:4 |     229 |       0 |   0.0 |      32 |       0 |   0.0
        D:5 |     861 |     149 |  14.8 |      19 |       2 |   9.5
        D:6 |    1352 |    1311 |  49.2 |      25 |       6 |  19.4
        D:7 |    2349 |     208 |   8.1 |      37 |       2 |   5.1
        D:8 |     712 |    2167 |  75.3 |      10 |      15 |  60.0
        D:9 |    2525 |       0 |   0.0 |      29 |       0 |   0.0
       D:10 |    2901 |    4316 |  59.8 |       7 |      11 |  61.1
       D:11 |    4616 |    2845 |  38.1 |      26 |      13 |  33.3
       D:12 |    5400 |       0 |   0.0 |      15 |       0 |   0.0
       D:13 |    5833 |       0 |   0.0 |      22 |       0 |   0.0
       D:14 |    2911 |    5897 |  67.0 |       6 |       9 |  60.0
       D:15 |   13092 |    2620 |  16.7 |      27 |       4 |  12.9
     Lair:1 |    5318 |       0 |   0.0 |      18 |       0 |   0.0
     Lair:2 |    4496 |    1504 |  25.1 |      21 |       4 |  16.0
     Lair:3 |    8735 |     547 |   5.9 |      27 |       3 |  10.0
     Lair:4 |    5304 |    2136 |  28.7 |      22 |       5 |  18.5
     Lair:5 |   12306 |   11573 |  48.5 |      39 |      41 |  51.2
      Orc:1 |     963 |    8254 |  89.6 |      12 |      19 |  61.3
      Orc:2 |    2659 |    7520 |  73.9 |      36 |      23 |  39.0
    Ossuary |       0 |     648 | 100.0 |       0 |      26 | 100.0
   Gauntlet |       0 |    3401 | 100.0 |       0 |      11 | 100.0
            +---------+---------+-------+---------+---------+-------
